 Dungeon Crawl Stone Soup version 0.21.0-25-ge575cb9 (webtiles) character file.

49088 robertstho the Severer (level 14, -1/130 HPs)
             Began as a Minotaur Berserker on Jan 22, 2018.
             Was a High Priest of Trog.
             Killed by divine providence
             ... invoked by an orc priest
              (9 damage)
             ... while paralysed by an orc sorcerer
             ... on level 2 of the Orcish Mines.
             The game lasted 00:52:16 (16110 turns).

robertstho the Severer (Minotaur Berserker)        Turns: 16110, Time: 00:52:18

Health: -1/130     AC: 22    Str: 25    XL:     14   Next: 14%
Magic:  13/13      EV:  2    Int:  4    God:    Trog [*****.]
Gold:   1572       SH:  0    Dex: 16    Spells: 13/13 levels left

rFire    . . .     SeeInvis +   T - +5 executioner's axe (elec)
rCold    . . .     Gourm    .   (shield currently unavailable)
rNeg     . . .     Faith    .   y - +0 plate armour
rPois    .         Spirit   .   l - +0 hat {SInv}
rElec    .         Reflect  .   (no cloak)
rCorr    +         Harm     .   f - +1 pair of gloves
MR       +....                  Y - +2 pair of boots {Fly}
Stlth    ..........             (no amulet)
HPRegen  0.31/turn              r - +4 ring of strength
MPRegen  0.13/turn              K - ring of resist corrosion

@: paralysed, flying, drained
A: retaliatory headbutt, horns 2, blurry vision 2, deterioration 1, screaming 1
a: Berserk, Trog's Hand, Brothers in Arms, Burn Spellbooks, Renounce Religion,
Stop Flying


You were on level 2 of the Orcish Mines.
You worshipped Trog.
Trog was extremely pleased with you.
You were not hungry.

You visited 2 branches of the dungeon, and saw 17 of its levels.
You also visited: Sewer.

You collected 1572 gold pieces.

Inventory:

Hand Weapons
 j - a +0 scimitar of flaming
 o - a +1 war axe of venom
 N - a +2 hunting sling of freezing
 T - a +5 executioner's axe of electrocution (weapon)
 X - a +2 battleaxe of venom
Missiles
 e - 70 bolts
 V - 45 sling bullets
Armour
 f - a +1 pair of gloves (worn)
 l - a +0 hat of see invisible (worn)
 v - a +2 hat of intelligence
 y - a +0 plate armour (worn)
 B - a +0 shield
 Y - a +2 pair of boots of flying (worn)
Jewellery
 r - a +4 ring of strength (left hand)
 x - the ring "Peschufics" {+Blink Stlth+}
   (You found it on level 6 of the Dungeon)

   [ring of stealth]

   It lets you blink.
   It makes you more stealthy.
 E - an uncursed ring of ice
 G - an uncursed ring of flight
 K - a ring of resist corrosion (right hand)
 Q - an uncursed ring of fire {unknown}
Wands
 A - a wand of acid (8)
 F - a wand of polymorph (23)
 I - a wand of enslavement (5)
 M - a wand of paralysis (25)
 P - a wand of disintegration (16)
 S - a wand of iceblast (18)
 Z - a wand of digging (11)
Scrolls
 a - a scroll of summoning {unknown}
 d - 12 scrolls of remove curse
 h - 4 scrolls of enchant weapon
 m - 13 scrolls of teleportation
 q - a scroll of random uselessness {unknown}
 s - 3 scrolls of blinking {unknown}
 t - 10 scrolls of magic mapping
 u - 2 scrolls of fear {unknown}
 C - 3 scrolls of identify
 J - a scroll of immolation {unknown}
 O - 2 scrolls of brand weapon {unknown}
 U - a scroll of fog
Potions
 b - 5 potions of curing
 g - 2 potions of magic {unknown}
 i - a potion of cancellation {unknown}
 k - 6 potions of lignification
 p - a potion of mutation {unknown}
 w - 3 potions of resistance {unknown}
 z - 5 potions of flight
 D - 3 potions of heal wounds
 H - a potion of might
 W - a potion of ambrosia
Miscellaneous
 R - a lightning rod (4/4)
Comestibles
 c - 19 rations
 n - 4 chunks of flesh


   Skills:
 + Level 13.7(12.8) Fighting
 + Level 3.4(2.8) Long Blades
 + Level 18.4(17.5) Axes
   Level 0.5(11.6) Maces & Flails
 + Level 14.5(13.6) Armour
 + Level 3.5(2.8) Dodging
 + Level 1.4(0.8) Stealth
 + Level 8.5(7.7) Shields


You had 13 spell levels left.
You didn't know any spells.

Dungeon Overview and Level Annotations

Branches:
Dungeon (15/15)            Temple (0/1) D:4            Lair (0/6) D:9
    Orc (2/2) D:10            Elf (0/3) Orc:2        Vaults (0/5) D:14
 Depths (0/5) D:15

Altars:
Ashenzari
Elyvilon
Kikubaaqudgha
Nemelex Xobeh
Okawaru
Trog
Uskayaw
Wu Jian
Xom
Yredelemnul
Zin
The Shining One

Shops:
D:4 }   D:12 *

Portals:
Trove: D:12 (give +3 gold dragon scales)

Annotations:
D:12 1202 mask


Innate Abilities, Weirdness & Mutations

You reflexively headbutt those who attack you in melee.
You have a pair of horns on your head.
Scrolls take you longer to read.
Your body sometimes deteriorates upon taking damage.
You occasionally shout uncontrollably at your foes.


Message History

The orc sorcerer hits you but does no damage.
The sixfirhy hits you but does no damage.
The orc priest moves out of view. x2
The sixfirhy barely misses you. The sixfirhy hits you! The sixfirhy shocks you!
The sixfirhy hits you but does no damage.
The orc warrior hits you with a hand axe of chopping!
The orc sorcerer hits you with a dagger.
The sixfirhy hits you but does no damage.
The orc sorcerer gestures at you while chanting.
The bolt of negative energy misses the sixfirhy.
The bolt of negative energy hits you!
You feel drained.
* * * LOW HITPOINT WARNING * * *
The sixfirhy hits you.
* * * LOW HITPOINT WARNING * * *
The sixfirhy shocks you!
* * * LOW HITPOINT WARNING * * *
The orc priest looks satisfied for a moment.
The orc priest mumbles some strange prayers to Beogh against you.
Beogh smites you!
You die...

.....#####....#
#...##.....##
#.......###
##.)...##
#))...# #))..##
#)....##
#......##
#@......#
#ooo3o.......
#...oo..$....
#ooo..........
#o.#..o.....
...#..#.....
o...#........
.....#.......#


You could see a sixfirhy, 2 orc sorcerers, an orc warrior, 6 orc priests and 3
orc wizards.

Vanquished Creatures
  Rupert (D:14)
  Gastronok (Orc:1)
  Louise (D:15)
  The ghost of dang3rdave the Arsonist, a journeyman DEFE of Sif Muna (D:10)
  An ettin (Orc:1)
  Erolcha (D:10)
  3 hydras
  8 two-headed ogres
  A centaur warrior (D:14)
  Urug (D:15)
  3 skeletal warriors (D:14)
  2 unseen horrors
  A wizard (D:15)
  Pikel (D:8)
  A wolf spider zombie (D:14)
  An orc knight (Orc:2)
  An orc sorcerer (Orc:2)
  A shining eye (shapeshifter) (D:14)
  5 cyclopes
  2 centaur zombies
  2 ugly things
  A manticore (D:14)
  A naga mage (D:15)
  A gargoyle (D:13)
  8 centaur skeletons
  A kobold demonologist (D:13)
  2 freezing wraiths (D:14)
  An efreet (D:12)
  5 trolls
  A troll (shapeshifter) (D:14)
  A harpy zombie (D:15)
  Grinder (D:5)
  A hornet (D:11)
  4 hippogriffs
  5 slime creatures (D:7)
  A spriggan (D:8)
  4 shadows
  3 vampires
  14 yaks
  2 wraiths
  2 hungry ghosts (D:10)
  A soldier ant (D:14)
  2 wargs (Orc:1)
  The ghost of ck1fx the Caller, an amateur DESu of Yredelemnul (D:4)
  23 orc warriors
  2 sky beasts
  A phantom (D:9)
  3 ice beasts
  2 black bears (D:7)
  11 ogres
  A slave (D:8)
  3 eyes of draining
  8 centaurs
  2 crocodiles
  2 big kobolds
  Blork the orc (D:5)
  10 bullfrogs
  2 wyvern zombies
  A water moccasin zombie (D:10)
  A wyvern skeleton (D:11)
  5 scorpions
  5 killer bees (D:7)
  11 wights
  3 howler monkeys
  2 bullfrog zombies
  9 crimson imps
  3 jellies
  19 orc priests
  3 hounds
  4 bullfrog skeletons
  30 orc wizards
  Ijyb (D:5)
  4 iguanas
  10 worker ants
  A killer bee zombie (D:8)
  A worker ant zombie (D:5)
  Robin (D:4)
  13 adders
  14 gnolls
  A howler monkey skeleton (D:11)
  A river rat (Sewer)
  4 shadow imps
  An adder skeleton (D:4)
  3 worms
  3 dart slugs (D:1)
  3 leopard geckos
  84 orcs
  2 giant cockroaches
  16 goblins
  9 hobgoblins
  2 jackals (D:7)
  2 quokkas
  9 ball pythons
  5 bats
  17 frilled lizards
  16 kobolds
  11 rats
503 creatures vanquished.

Vanquished Creatures (collateral kills)
  2 ogre magi
  2 two-headed ogres (D:15)
  2 skeletal warriors (D:14)
  A wizard (D:15)
  An orc sorcerer (D:15)
  A naga mage (D:15)
  A troll (D:14)
  A bullfrog (D:14)
11 creatures vanquished.

Vanquished Creatures (others)
  A vampire (D:14)
1 creature vanquished.

Grand Total: 515 creatures vanquished

Notes
Turn   | Place    | Note
-------+----------+-------------------------------------------
     0 | D:1      | robertstho the Minotaur Berserker began the quest for the Orb.
     0 | D:1      | Reached XP level 1. HP: 19/19 MP: 0/0
     3 | D:1      | Noticed an ice dragon
     5 | D:1      | Noticed an orb of fire
     6 | D:1      | Noticed a tentacled monstrosity
     8 | D:1      | Noticed a large abomination
     9 | D:1      | Noticed a green draconian
    11 | D:1      | Noticed a red draconian
    11 | D:1      | Noticed a tentacled monstrosity
    13 | D:1      | Noticed a tentacled monstrosity
    13 | D:1      | Noticed an ice dragon
    15 | D:1      | Noticed an ice dragon
    15 | D:1      | Noticed an iron dragon
    17 | D:1      | Noticed a large abomination
    17 | D:1      | Noticed a red draconian
    19 | D:1      | Noticed an orb of fire
    19 | D:1      | Noticed a shadow dragon
    21 | D:1      | Noticed a tentacled monstrosity
   115 | D:1      | Reached XP level 2. HP: 20/27 MP: 1/1
   117 | D:1      | Reached skill level 4 in Axes
   593 | D:1      | Reached XP level 3. HP: 29/33 MP: 2/2
   643 | D:1      | Reached ** piety under Trog
   968 | D:2      | Found a basalt altar of Yredelemnul.
   968 | D:2      | Found an iron altar of Okawaru.
  1255 | D:2      | Reached XP level 4. HP: 39/41 MP: 3/3
  1258 | D:2      | Found a glowing golden altar of the Shining One.
  1676 | D:3      | Reached skill level 5 in Axes
  1858 | D:3      | Reached XP level 5. HP: 28/47 MP: 4/4
  1874 | D:3      | Found an ancient bone altar of Kikubaaqudgha.
  1952 | D:3      | Reached *** piety under Trog
  2396 | D:4      | Reached skill level 6 in Axes
  2403 | D:4      | Reached XP level 6. HP: 21/55 MP: 5/5
  2420 | D:4      | Reached skill level 5 in Fighting
  2548 | D:4      | Found a staircase to the Ecumenical Temple.
  2575 | D:4      | Noticed Robin
  2584 | D:4      | Killed Robin
  2688 | D:4      | Noticed ck1fx's ghost (amateur DESu)
  2696 | D:4      | Killed ck1fx's ghost
  2696 | D:4      | Reached skill level 7 in Axes
  2745 | D:4      | Reached skill level 5 in Armour
  2790 | D:4      | Received a gift from Trog
  2790 | D:4      | Reached XP level 7. HP: 61/61 MP: 6/6
  2838 | D:4      | Found a bloodstained altar of Trog.
  2916 | D:4      | Found Gebytedu's Gadget Shop.
  2954 | D:4      | Found a hide-covered altar of Uskayaw.
  3067 | D:5      | Entered Level 5 of the Dungeon
  3072 | D:5      | Found a white marble altar of Elyvilon.
  3099 | D:5      | Noticed Grinder
  3110 | D:5      | Killed Grinder
  3110 | D:5      | Reached skill level 8 in Axes
  3249 | D:5      | Noticed Blork the orc
  3257 | D:5      | Killed Blork the orc
  3261 | D:5      | Reached skill level 9 in Axes
  3302 | D:5      | Noticed Ijyb
  3312 | D:5      | Killed Ijyb
  3476 | D:5      | Reached XP level 8. HP: 68/70 MP: 7/7
  3550 | D:5      | Found a glowing silver altar of Zin.
  3615 | D:5      | Reached **** piety under Trog
  3772 | D:6      | Reached skill level 10 in Axes
  3841 | D:6      | Got a translucent jade ring
  3848 | D:6      | Found a glowing drain.
  3898 | D:6      | Found an ornate altar of the Wu Jian Council.
  3962 | D:6      | Identified the ring "Peschufics" {+Blink Stlth+} (You found it on level 6 of the Dungeon)
  4178 | Sewer    | Entered a sewer
  4288 | Sewer    | Reached skill level 11 in Axes
  4610 | D:6      | Reached ***** piety under Trog
  4708 | D:7      | Reached XP level 9. HP: 77/78 MP: 8/8
  4805 | D:7      | Reached skill level 12 in Axes
  4824 | D:7      | Reached skill level 1 in Stealth
  5045 | D:7      | Found a sparkling altar of Nemelex Xobeh.
  5132 | D:7      | Reached skill level 13 in Axes
  5284 | D:7      | Reached XP level 10. HP: 84/88 MP: 9/9
  5884 | D:8      | Noticed Pikel
  5897 | D:8      | Killed Pikel
  5897 | D:8      | Reached skill level 1 in Shields
  5947 | D:8      | Reached skill level 14 in Axes
  6394 | D:8      | Found a shattered altar of Ashenzari.
  6752 | D:9      | Received a gift from Trog
  6786 | D:9      | Found a staircase to the Lair.
  7286 | D:9      | Reached XP level 11. HP: 40/97 MP: 10/10
  7529 | D:10     | Entered Level 10 of the Dungeon
  7720 | D:10     | Noticed Erolcha
  7734 | D:10     | Killed Erolcha
  7734 | D:10     | Reached skill level 15 in Axes
  7734 | D:10     | Reached skill level 10 in Armour
  7777 | D:10     | Found a staircase to the Orcish Mines.
  7827 | D:10     | Noticed dang3rdave's ghost (journeyman DEFE)
  7885 | D:10     | Killed dang3rdave's ghost
  8100 | D:11     | Noticed a two-headed ogre
  8100 | D:11     | Noticed a two-headed ogre
  8103 | D:11     | Reached skill level 10 in Fighting
  8114 | D:11     | Killed a two-headed ogre
  8114 | D:11     | Killed a two-headed ogre
  8404 | D:11     | Noticed a green ugly thing
  8411 | D:11     | Killed a green ugly thing
  8837 | D:11     | Reached skill level 5 in Shields
  9085 | D:11     | Killed an unseen horror
  9500 | D:12     | Reached skill level 16 in Axes
  9500 | D:12     | Reached XP level 12. HP: 105/108 MP: 11/11
  9541 | D:12     | Found Buozoxt's Assorted Antiques.
  9835 | D:12     | Found a portal to a secret trove of treasure.
 10106 | D:13     | Noticed a two-headed ogre
 10112 | D:13     | Killed a two-headed ogre
 10250 | D:13     | Reached ****** piety under Trog
 10250 | D:13     | Received a gift from Trog
 10458 | D:13     | Noticed a four-headed hydra
 10467 | D:13     | Killed a one-headed hydra
 10479 | D:13     | Noticed a six-headed hydra
 10489 | D:13     | Killed a two-headed hydra
 10489 | D:13     | Reached skill level 1 in Long Blades
 12268 | D:14     | Noticed Rupert
 12277 | D:14     | Killed Rupert
 12277 | D:14     | Reached XP level 13. HP: 119/119 MP: 12/12
 12288 | D:14     | Received a gift from Trog
 12789 | D:14     | Gained mutation: You occasionally shout uncontrollably at your foes. [a shining eye]
 12790 | D:14     | Gained mutation: Your body sometimes deteriorates upon taking damage. [a shining eye]
 12791 | D:14     | Gained mutation: Scrolls take you a little longer to read. [a shining eye]
 12796 | D:14     | Gained mutation: Scrolls take you longer to read. [a shining eye]
 12797 | D:14     | Reached skill level 17 in Axes
 13076 | D:14     | Found a gate to the Vaults.
 13980 | D:15     | Entered Level 15 of the Dungeon
 14102 | D:15     | Noticed Urug
 14116 | D:15     | Killed Urug
 14218 | D:15     | Paralysed by a wizard for 7 turns
 14244 | D:15     | Found a shimmering altar of Xom.
 14418 | D:15     | Noticed Louise
 14439 | D:15     | Killed Louise
 14578 | D:15     | Found a sparkling altar of Nemelex Xobeh.
 14727 | D:15     | Received a gift from Trog
 14746 | D:15     | Found a staircase to the Depths.
 15209 | Orc:1    | Entered Level 1 of the Orcish Mines
 15209 | Orc:1    | Noticed Gastronok
 15217 | Orc:1    | Reached skill level 18 in Axes
 15226 | Orc:1    | Killed Gastronok
 15226 | Orc:1    | Reached XP level 14. HP: 102/129 MP: 13/13
 15938 | Orc:2    | Entered Level 2 of the Orcish Mines
 15938 | Orc:2    | Found a staircase to the Elven Halls.
 16106 | Orc:2    | Received a gift from Trog
 16107 | Orc:2    | Paralysed by an orc sorcerer for 5 turns
 16110 | Orc:2    | Killed from afar by an orc priest

Skill      XL: |  1  2  3  4  5  6  7  8  9 10 11 12 13 |
---------------+----------------------------------------+-----
Axes           | 4 5 6 7 9 11 13 14 16 18 | 18.4
Fighting       | 4 5 6 8 9 10 12 13 | 13.7
Armour         | 3 4 5 6 8 9 11 12 14 | 14.5
Dodging        | 3 |  3.5
Stealth        | 1 |  1.4
Shields        | 3 5 8 |  8.5
Long Blades    | 3 |  3.4
Maces & Flails | |  0.5

Action                   |  1- 3 |  4- 6 |  7- 9 | 10-12 | 13-15 || total
-------------------------+-------+-------+-------+-------+-------++-------
Melee: Hand axe          |    74 |    37 |       |       |       ||   111
       Headbutt          |    14 |    19 |    39 |   170 |    69 ||   311
       Mace              |    12 |       |       |       |       ||    12
       War axe           |       |    71 |   213 |   638 |    11 ||   933
       Scimitar          |       |       |       |    12 |    13 ||    25
       Battleaxe         |       |       |       |       |   125 ||   125
       Executioner's axe |       |       |       |       |    99 ||    99
Invok: Berserk           |       |     1 |     2 |     7 |     9 ||    19
       Trog's Hand       |       |     1 |       |     2 |     2 ||     5
       Burn Spellbooks   |       |       |     1 |     1 |       ||     2
       Brothers in Arms  |       |       |       |     2 |     2 ||     4
  Use: Scroll            |       |     9 |     3 |     4 |     3 ||    19
       Potion            |       |       |       |     3 |     1 ||     4
  Eat: Chunk             |     1 |     6 |     7 |    21 |    16 ||    51
       Ration            |       |       |     1 |     3 |     2 ||     6
Armor: Animal skin       |     6 |       |       |       |       ||     6
       Chain mail        |    36 |    66 |    76 |       |       ||   178
       Plate armour      |       |       |    68 |   264 |   155 ||   487
Dodge: Dodged            |    42 |    54 |   106 |   101 |    85 ||   388
Block: Shield            |       |       |       |   240 |     1 ||   241
       Rpst.: Scimitar   |       |       |       |     1 |       ||     1
